 Dungeon Crawl Stone Soup version 0.21-a0-504-g2eda330 (webtiles) character file.

68203 Gorice the Tortoise (level 14, -4/121 HPs)
             Began as a Demonspawn Wanderer on Nov 25, 2017.
             Was a High Priest of Fedhas.
             Slain by an orc warrior
             ... wielding a +0 halberd
              (7 damage)
             ... on level 2 of the Orcish Mines.
             The game lasted 02:03:46 (30494 turns).

Gorice the Tortoise (Demonspawn Wanderer)          Turns: 30494, Time: 02:03:46

Health: -4/121     AC: 31    Str: 21    XL:     14   Next: 85%
Magic:  17/17      EV:  7    Int: 12    God:    Fedhas [*****.]
Gold:   1951       SH:  5    Dex: 14    Spells: 13/13 levels left

rFire    . . .     SeeInvis .   a - +0 whip (elec)
rCold    . . .     Gourm    .   w - +2 buckler
rNeg     . . .     Faith    .   K - +3 chain mail {MR+}
rPois    .         Spirit   .   k - +1 helmet
rElec    .         Reflect  .   u - +2 cloak
rCorr    .         Harm     .   f - +1 pair of gloves {Str+3}
MR       ++...                  e - +2 pair of boots {run}
Stlth    ++........             P - amulet of regeneration
HPRegen  0.70/turn              s - ring of stealth
MPRegen  0.15/turn              (no ring)

@: hasted, heavily drained, very quick
A: hooves 2, yellow scales 2, foul stench 2, nightstalker 2, rot immunity
a: Fungal Bloom, Evolution, Sunlight, Growth, Reproduction, Rain, Renounce
Religion


You were on level 2 of the Orcish Mines.
You worshipped Fedhas.
Fedhas was extremely pleased with you.
You were not hungry.

You visited 4 branches of the dungeon, and saw 19 of its levels.
You also visited: Ice Cave.

You collected 1951 gold pieces.

Inventory:

Hand Weapons
 a - a +0 whip of electrocution (weapon)
   (You took it off Pikel on level 8 of the Dungeon)
 b - a +1 morningstar of crushing
   (You took it off an orc on level 4 of the Dungeon)
 p - a +1 triple sword of freezing
   (You found it in an ice cave)
 B - a +3 blowgun
Missiles
 d - 92 poisoned needles
 G - 8 needles of sleeping
 H - 6 curare-tipped needles
 I - 2 tomahawks of returning
 L - 3 tomahawks (quivered)
 Y - 489 stones
Armour
 e - a +2 pair of boots of running (worn)
   (You found it in an ice cave)
 f - a +1 pair of gloves of strength (worn)
   (You found it in an ice cave)
 k - a +1 helmet (worn)
 u - a +2 cloak (worn)
 w - a +2 buckler (worn)
 K - a +3 chain mail of magic resistance (worn)
   (You found it on level 4 of the Lair of Beasts)
 S - +0 ice dragon scales
Magical Staves
 j - an uncursed staff of air
Jewellery
 s - a ring of stealth (left hand)
 P - an amulet of regeneration (around neck)
Wands
 i - a wand of digging (13)
 l - a wand of paralysis (6)
 o - a wand of acid (12)
 q - a wand of scattershot (5)
 A - a wand of clouds (6)
 O - a wand of polymorph (29)
Scrolls
 h - 6 scrolls of remove curse
 n - a scroll of enchant weapon
 v - 4 scrolls of teleportation {!r}
 C - a scroll of silence {!r}
 F - 4 scrolls of magic mapping {!r}
 R - 7 scrolls of identify
Potions
 m - a potion of berserk rage
 r - 10 potions of curing
 x - 2 potions of agility {!q}
 D - a potion of mutation {!q}
 M - 5 potions of haste {!q}
 T - a potion of lignification {!q}
Miscellaneous
 t - a lamp of fire
 U - a fan of gales
Comestibles
 c - 19 fruits {!e}
 g - 14 bread rations {!e}


   Skills:
 + Level 14.8(12.6) Fighting
 - Level 1.0(0.0) Long Blades
 - Level 12.0(9.9) Maces & Flails
 + Level 15.2(12.9) Armour
 - Level 1.0(0.0) Dodging
 - Level 3.6(1.9) Stealth
 - Level 1.0(0.0) Shields
 + Level 4.2(2.5) Invocations


You had 13 spell levels left.
You didn't know any spells.

Dungeon Overview and Level Annotations

Branches:
Dungeon (10/15)            Temple (1/1) D:5            Lair (6/6) D:10
  Swamp (0/4) Lair:2        Snake (0/4) Lair:2        Slime (0/5) Lair:5
    Orc (2/2) D:10            Elf (0/3) Orc:2

Altars:
Ashenzari
Cheibriados
Dithmenos
Elyvilon
Fedhas
Gozag
Hepliaklqana
Kikubaaqudgha
Makhleb
Nemelex Xobeh
Okawaru
Qazlal
Ru
Sif Muna
Trog
Uskayaw
Vehumet
Wu Jian
Xom
Yredelemnul
Zin
The Shining One
Beogh
Jiyva

Annotations:
D:3 Scuka's ghost, amateur BaSu


Innate Abilities, Weirdness & Mutations

You have hoof-like feet.
You are mostly covered in yellow scales. (AC +3)
You frequently emit foul miasma when damaged in melee.
You are significantly more attuned to the shadows.
You are immune to rotting.


Message History

The troll claws you.
* * * LOW HITPOINT WARNING * * *
You block the troll's attack.
An orc comes into view. It is wielding a flail.
Damage: 3 (max 16)
The orc hits you but does no damage. x2; The orc warrior barely misses you.
You closely miss the orc.
The troll is engulfed in dark miasma.
The troll looks even sicker.
The troll seems to slow down.
The orc warlord hits you with a great mace of draining!
* * * LOW HITPOINT WARNING * * *
You feel drained.
* * * LOW HITPOINT WARNING * * *
Damage: 10 (max 16)
An orc comes into view. It is wielding a club.
You block the orc's attack. The orc hits you.
* * * LOW HITPOINT WARNING * * *
The orc hits you but does no damage.
The orc moves out of view.
The orc warrior hits you with a halberd!!
* * * LOW HITPOINT WARNING * * *
The orc warrior looks sick.
Found a roughly hewn altar of Beogh.
Damage: 33 (max 33)
An orc comes into view.
The orc shouts!
You block the orc's attack.
An orc comes into view. It is wielding a short sword.
Unknown command.
Really quaff
z - a potion of heal wounds {!q}?
You feel much better. You block the orc warrior's attack.
The orc barely misses you. The orc hits you with a falchion.
* * * LOW HITPOINT WARNING * * *
The orc looks sick.
The orc hits you but does no damage.
Unknown command.
Really quaff
M - 6 potions of haste {!q}?
You feel yourself speed up.
The orc no longer looks unusually strong.
The orc warrior hits you from afar with a halberd!
* * * LOW HITPOINT WARNING * * *
The orc hits you with a hand axe.
* * * LOW HITPOINT WARNING * * *
The orc looks sick.
The orc warlord hits you with a great mace of draining!
* * * LOW HITPOINT WARNING * * *
You feel drained.
* * * LOW HITPOINT WARNING * * *
You emit a cloud of foul miasma!
The orc barely misses you. The orc closely misses you.
The orc warrior hits you from afar with a halberd!
You die...
Fedhas appreciates your contribution to the ecosystem.

.......##.........###...........
.......##...........##......>)..
......[[[.[..................)..
........)<[o..............###)..
..#..<..[[[..####....<...###=)..
####.......### #.........#####..
#........O## #.........##.....
#........§T###..........#.....
......#.oooo@................
......#...oooo...............
...###.oo...o... ......#
#......._.. ......# ##......o..
.....## #......... ...##
##...### ..


You could see an orc warlord, a troll, an orc warrior and 10 orcs.

Vanquished Creatures
  Rupert (Lair:5)
  An entropy weaver (Lair:4)
  2 dire elephants (Lair:4)
  Snorg (Lair:5)
  An ettin (Orc:2)
  5 hydras
  2 two-headed ogres
  A queen ant (Lair:4)
  12 death yaks
  Sonja (Orc:2)
  Pikel (D:8)
  An orc sorcerer (D:10)
  A manticore (Lair:2)
  7 elephants
  Maurice (D:8)
  2 ice statues (IceCv)
  5 black mambas
  A torpor snail (Lair:6)
  25 spiny frogs
  3 rime drakes
  8 ice devils (IceCv)
  8 komodo dragons
  A queen bee (Lair:2)
  3 trolls
  2 polar bears
  6 hippogriffs
  Grinder (D:4)
  4 tyrant leeches
  A meliai zombie (D:10)
  7 dream sheep
  12 blink frogs
  7 wyverns
  34 yaks
  3 basilisks
  6 vampire mosquitoes (Lair:6)
  4 nagas
  2 wargs
  13 soldier ants
  7 water moccasins
  Duvessa (D:6)
  10 porcupines
  10 orc warriors
  A sky beast (D:8)
  9 ice beasts
  3 phantoms
  10 ogres
  20 wolves
  6 centaurs
  10 crocodiles
  A wandering mushroom (Lair:4)
  A big kobold (D:6)
  A gnoll sergeant (D:6)
  Dowan (D:6)
  22 bullfrogs
  A scorpion (D:8)
  3 wights
  46 killer bees
  4 electric eels
  2 centaur zombies
  4 crimson imps
  4 quasits (D:7)
  3 bullfrog zombies
  2 hounds
  10 jellies
  13 orc priests
  A centaur skeleton (D:8)
  4 iguanas
  7 hell rats
  16 orc wizards
  17 worker ants
  A killer bee zombie (D:5)
  A hound zombie (D:7)
  A hound skeleton (D:10)
  2 worker ant zombies
  12 gnolls
  3 river rats (Lair:3)
  13 adders
  3 shadow imps
  7 white imps (IceCv)
  7 ufetubi (IceCv)
  12 oozes
  4 adder skeletons
  2 adder zombies
  2 worms
  A dart slug (D:2)
  5 leopard geckos
  45 orcs
  2 ball pythons
  5 bats
  5 giant cockroaches
  7 goblins
  13 hobgoblins
  6 jackals
  22 kobolds
  5 quokkas
  8 frilled lizards
  A leopard gecko skeleton (D:6)
  13 rats
  3 toadstools (Lair:4)
657 creatures vanquished.

Vanquished Creatures (collateral kills)
  An entropy weaver (Lair:4)
  A bullfrog (Lair:5)
  A wandering mushroom (Lair:4)
3 creatures vanquished.

Vanquished Creatures (others)
  A reaper (IceCv)
  4 dream sheep (D:3)
  4 slaves (D:8)
  4 wandering mushrooms
  3 white imps (IceCv)
  4 ufetubi (IceCv)
  2 orcs
  38 fungi
  54 plants
  336 toadstools
450 creatures vanquished.

Grand Total: 1110 creatures vanquished

Notes
Turn   | Place    | Note
-------+----------+-------------------------------------------
     0 | D:1      | Gorice the Demonspawn Wanderer began the quest for the Orb.
     0 | D:1      | Gorice set off with: a +0 shield, a scroll of teleportation {!r}, a potion of lignification {!q}, a +0 robe, a +0 club, a +0 dagger, a bread ration {!e}
     0 | D:1      | Reached XP level 1. HP: 15/15 MP: 1/1
   269 | D:1      | Reached skill level 2 in Maces & Flails
   344 | D:1      | HP: 4/15 [hobgoblin/club (5)]
   353 | D:1      | Gained mutation: You have large cloven feet. [demonic ancestry]
   353 | D:1      | Reached XP level 2. HP: 7/21 MP: 2/2
   787 | D:1      | Reached skill level 2 in Fighting
  1462 | D:1      | Gained mutation: You are slightly more attuned to the shadows. [demonic ancestry]
  1462 | D:1      | Reached XP level 3. HP: 21/27 MP: 3/3
  1829 | D:2      | Noticed a centaur
  1860 | D:2      | HP: 7/28 [centaur (4)]
  1872 | D:2      | Killed a centaur
  1872 | D:2      | Reached skill level 3 in Fighting
  1872 | D:2      | Reached skill level 3 in Maces & Flails
  1872 | D:2      | Reached skill level 1 in Armour
  1872 | D:2      | Gained mutation: You are immune to rotting. [demonic ancestry]
  1872 | D:2      | Reached XP level 4. HP: 15/35 MP: 4/4
  2216 | D:2      | Reached XP level 5. HP: 36/41 MP: 5/5
  2385 | D:2      | Found a glowing silver altar of Zin.
  2676 | D:2      | Reached skill level 2 in Armour
  3135 | D:3      | Noticed Scuka's ghost (amateur BaSu)
  3141 | D:3      | Noticed an ice beast
  3579 | D:3      | Reached skill level 4 in Maces & Flails
  3693 | D:3      | Reached XP level 6. HP: 42/47 MP: 6/6
  3770 | D:3      | Noticed a dream sheep
  3770 | D:3      | Noticed a dream sheep
  3770 | D:3      | Noticed a dream sheep
  3770 | D:3      | Noticed a dream sheep
  3770 | D:3      | Noticed a dream sheep
  3770 | D:3      | Found a shimmering altar of Xom.
  3774 | D:3      | Killed a dream sheep
  3776 | D:3      | Killed a dream sheep
  3776 | D:3      | Killed a dream sheep
  3776 | D:3      | Killed a dream sheep
  3776 | D:3      | Killed a dream sheep
  4109 | D:3      | Found a deep blue altar of Sif Muna.
  4197 | D:4      | Noticed Grinder
  4686 | D:4      | Paralysed by Grinder for 3 turns
  4738 | D:5      | Entered Level 5 of the Dungeon
  4772 | D:5      | Found a staircase to the Ecumenical Temple.
  4778 | Temple   | Entered the Ecumenical Temple
  5039 | Temple   | Became a worshipper of Fedhas Madash
  5324 | D:5      | Found a hazy altar of Hepliaklqana.
  5324 | D:5      | Found an ornate altar of the Wu Jian Council.
  5325 | D:5      | Found a bloodstained altar of Trog.
  5326 | D:5      | Found a sacrificial altar of Ru.
  5327 | D:5      | Found a shadowy altar of Dithmenos.
  5332 | D:5      | Found a basalt altar of Yredelemnul.
  5350 | D:5      | Reached skill level 5 in Maces & Flails
  5350 | D:5      | Reached skill level 3 in Armour
  5422 | D:5      | Found a snail-covered altar of Cheibriados.
  5422 | D:5      | Found a shimmering altar of Xom.
  5422 | D:5      | Found a sparkling altar of Nemelex Xobeh.
  5433 | D:5      | Reached XP level 7. HP: 39/52 MP: 7/7
  5604 | D:5      | Found an opulent altar of Gozag.
  6105 | D:5      | You fall through a shaft for 3 floors!
  6191 | D:8      | Reached skill level 6 in Maces & Flails
  6294 | D:8      | Reached skill level 4 in Armour
  6385 | D:8      | HP: 11/52 [ice beast (10)]
  7415 | D:6      | Gained mutation: You are significantly more attuned to the shadows. [demonic ancestry]
  7415 | D:6      | Reached XP level 8. HP: 58/58 MP: 8/8
  7929 | D:6      | Found a hide-covered altar of Uskayaw.
  7953 | D:6      | Reached skill level 7 in Maces & Flails
  8336 | D:6      | Reached skill level 5 in Armour
  8447 | D:6      | Noticed Dowan
  8449 | D:6      | Noticed Duvessa
  8462 | D:6      | Killed Duvessa
  8491 | D:6      | HP: 17/58 [Dowan/dagger (1)]
  8492 | D:6      | Killed Dowan
  8492 | D:6      | Reached skill level 8 in Maces & Flails
  9114 | D:7      | Gained mutation: You are partially covered in yellow scales. (AC +2) [demonic ancestry]
  9114 | D:7      | Reached XP level 9. HP: 30/63 MP: 9/9
  9466 | D:7      | Reached skill level 6 in Armour
  9474 | D:7      | Reached skill level 9 in Maces & Flails
  9543 | D:7      | HP: 15/63 [killer bee (7)]
 10077 | D:7      | Found Xuch's Armour Boutique.
 10309 | D:8      | Noticed a two-headed ogre
 10426 | D:8      | Noticed Pikel
 10432 | D:8      | HP: 16/63 [Pikel/whip of electrocution (10)]
 10433 | D:8      | HP: 6/63 [slave[Pikel] (6)]
 10439 | D:8      | HP: 16/63 [slave[Pikel] (4)]
 10442 | D:8      | Killed Pikel
 10442 | D:8      | Reached skill level 10 in Maces & Flails
 10783 | D:8      | Reached skill level 7 in Armour
 11351 | D:8      | Gained mutation: You may emit foul miasma when damaged in melee. [demonic ancestry]
 11351 | D:8      | Reached XP level 10. HP: 53/70 MP: 10/10
 11466 | D:8      | Killed a two-headed ogre
 11466 | D:8      | Reached skill level 11 in Maces & Flails
 11717 | D:8      | Noticed Maurice
 11783 | D:8      | Killed Maurice
 12412 | D:4      | Paralysed by Grinder for 3 turns
 12422 | D:4      | Killed Grinder
 12422 | D:4      | Reached skill level 8 in Armour
 12520 | D:9      | Noticed a two-headed ogre
 12528 | D:9      | Killed a two-headed ogre
 12701 | D:9      | Reached skill level 4 in Fighting
 12874 | D:9      | Found an iron altar of Okawaru.
 13963 | D:9      | Reached skill level 5 in Fighting
 14501 | D:10     | Entered Level 10 of the Dungeon
 14578 | D:10     | Gained mutation: You are mostly covered in yellow scales. (AC +3) [demonic ancestry]
 14578 | D:10     | Reached XP level 11. HP: 72/80 MP: 11/11
 14598 | D:10     | Reached skill level 9 in Armour
 15193 | D:10     | Noticed a death yak
 15455 | D:10     | Noticed a death yak
 15456 | D:10     | Noticed a death yak
 15477 | D:10     | Noticed a death yak
 15500 | D:9      | Killed a death yak
 15500 | D:9      | Reached skill level 6 in Fighting
 15500 | D:9      | Reached skill level 12 in Maces & Flails
 15645 | D:9      | Killed a death yak
 15783 | D:9      | Killed a death yak
 15996 | D:10     | Reached skill level 7 in Fighting
 15997 | D:10     | Found a staircase to the Orcish Mines.
 16019 | D:10     | Found a staircase to the Lair.
 16268 | D:10     | Noticed a death yak
 16300 | D:9      | Killed a death yak
 16300 | D:9      | Reached skill level 10 in Armour
 16371 | D:10     | Killed a death yak
 16429 | Lair:1   | Entered Level 1 of the Lair of Beasts
 16679 | Lair:1   | Reached skill level 8 in Fighting
 17670 | Lair:2   | Reached XP level 12. HP: 82/94 MP: 12/12
 17671 | Lair:2   | Reached * piety under Fedhas
 17690 | Lair:2   | Noticed a four-headed hydra
 17737 | Lair:2   | Killed a four-headed hydra
 17737 | Lair:2   | Reached skill level 9 in Fighting
 17769 | Lair:2   | Reached skill level 11 in Armour
 17806 | Lair:2   | Found a staircase to the Swamp.
 18168 | Lair:2   | Found a staircase to the Snake Pit.
 19007 | Lair:2   | Reached skill level 10 in Fighting
 19019 | Lair:2   | Reached ** piety under Fedhas
 19730 | Lair:2   | HP: 25/98 [wyvern (5)]
 19731 | Lair:2   | Reached skill level 12 in Armour
 19735 | Lair:2   | HP: 22/98 [poisoned by a killer bee]
 19741 | Lair:2   | HP: 20/98 [poisoned by a killer bee]
 19746 | Lair:2   | HP: 19/98 [poisoned by a killer bee]
 19753 | Lair:2   | HP: 19/98 [poisoned by a killer bee]
 19761 | Lair:2   | HP: 19/98 [poisoned by a killer bee]
 19995 | Lair:2   | HP: 26/99 [manticore (9)]
 20677 | Lair:3   | Reached skill level 11 in Fighting
 21103 | Lair:3   | Noticed a seven-headed hydra
 21216 | Lair:3   | Killed a seven-headed hydra
 21392 | Lair:3   | Noticed a five-headed hydra
 21413 | Lair:3   | Killed a five-headed hydra
 21448 | Lair:3   | Reached *** piety under Fedhas
 22000 | Lair:3   | Gained mutation: You have hoof-like feet. [demonic ancestry]
 22000 | Lair:3   | Reached XP level 13. HP: 70/106 MP: 13/13
 22493 | Lair:4   | Noticed an entropy weaver
 22526 | Lair:4   | Noticed an entropy weaver
 22546 | Lair:4   | Killed an entropy weaver
 22565 | Lair:4   | HP: 29/107 [entropy weaver (6)]
 22570 | Lair:4   | HP: 20/107 [poisoned by a queen ant]
 22575 | Lair:4   | HP: 17/107 [poisoned by a queen ant]
 22579 | Lair:4   | Killed an entropy weaver
 22580 | Lair:4   | HP: 16/107 [poisoned by a queen ant]
 22585 | Lair:4   | HP: 16/107 [poisoned by a queen ant]
 22590 | Lair:4   | HP: 17/107 [poisoned by a queen ant]
 22596 | Lair:4   | HP: 19/107 [poisoned by a queen ant]
 22603 | Lair:3   | HP: 22/107 [poisoned by a queen ant]
 22851 | Lair:4   | Reached skill level 12 in Fighting
 22851 | Lair:4   | Reached skill level 13 in Armour
 23609 | Lair:4   | Found a runed door.
 24281 | Lair:4   | Noticed a dire elephant
 24281 | Lair:4   | Noticed a dire elephant
 24305 | Lair:4   | Killed a dire elephant
 24343 | Lair:4   | Killed a dire elephant
 24611 | Lair:5   | Noticed Rupert
 24876 | Lair:5   | Noticed Snorg
 24898 | Lair:5   | Killed Snorg
 25048 | Lair:5   | HP: 18/109 [Rupert/great mace of holy wrath (22)]
 25053 | Lair:5   | Found a viscous altar of Jiyva.
 25053 | Lair:5   | Found a staircase to the Slime Pits.
 25213 | Lair:5   | Reached skill level 13 in Fighting
 25838 | Lair:5   | Killed Rupert
 25838 | Lair:5   | Reached skill level 14 in Armour
 25967 | Lair:6   | Entered Level 6 of the Lair of Beasts
 26056 | Lair:5   | Gained mutation: You frequently emit foul miasma when damaged in melee. [demonic ancestry]
 26056 | Lair:5   | Reached XP level 14. HP: 96/118 MP: 14/14
 26066 | Lair:5   | Reached **** piety under Fedhas
 26864 | Lair:5   | Reached skill level 14 in Fighting
 27617 | Lair:6   | Found a deep blue altar of Sif Muna.
 27715 | Lair:6   | Reached ***** piety under Fedhas
 27953 | Lair:6   | Reached skill level 15 in Armour
 28233 | Orc:1    | Entered Level 1 of the Orcish Mines
 28320 | D:10     | HP: 36/121 [orc priest/divine providence (10)]
 28330 | D:10     | HP: 20/121 [orc priest/divine providence (8)]
 28334 | D:10     | HP: 5/121 [orc priest/nerve-wracking pain (12)]
 28347 | D:10     | HP: 35/121 [orc warrior/battleaxe of freezing (2)]
 28357 | D:9      | HP: 35/121 [orc warrior/battleaxe of freezing (3)]
 28364 | D:9      | HP: 32/121 [orc warrior/battleaxe of freezing (3)]
 28369 | D:9      | Reached skill level 1 in Invocations
 28376 | D:10     | HP: 29/121 [orc warrior/mace (6)]
 28534 | Orc:1    | Found a frozen archway.
 28542 | IceCv    | Entered an ice cave
 28649 | IceCv    | HP: 35/121 [something (4)]
 28654 | IceCv    | HP: 20/121 [something (2)]
 28658 | IceCv    | HP: 9/121 [something (7)]
 28661 | IceCv    | HP: 4/121 [something (3)]
 28677 | IceCv    | HP: 31/121 [ice beast[an ice statue] (3)]
 28700 | IceCv    | HP: 33/121 [ice beast[an ice statue] (2)]
 28729 | IceCv    | Killed a reaper
 29166 | IceCv    | Reached skill level 2 in Invocations
 29201 | IceCv    | Identified a +2 pair of boots of running (You found it in an ice cave)
 29201 | IceCv    | --Damn boots of running and I've got hooves!
 29662 | D:10     | Reached skill level 3 in Invocations
 30016 | Orc:2    | Entered Level 2 of the Orcish Mines
 30166 | Orc:2    | Found a staircase to the Elven Halls.
 30168 | Orc:2    | Noticed Sonja
 30196 | Orc:2    | HP: 36/121 [poisoned by Sonja]
 30197 | Orc:2    | Killed Sonja
 30201 | Orc:2    | HP: 25/121 [poisoned by Sonja]
 30206 | Orc:2    | HP: 21/121 [poisoned by Sonja]
 30211 | Orc:2    | HP: 20/121 [poisoned by Sonja]
 30217 | Orc:2    | HP: 21/121 [poisoned by Sonja]
 30223 | Orc:2    | HP: 23/121 [poisoned by Sonja]
 30231 | Orc:2    | HP: 26/121 [poisoned by Sonja]
 30290 | Orc:2    | Found a roughly hewn altar of Beogh.
 30352 | Orc:2    | Reached skill level 4 in Invocations
 30423 | Orc:1    | Noticed an orc warlord
 30489 | Orc:2    | HP: 36/121 [orc warlord/great mace of draining (1)]
 30490 | Orc:2    | Found a roughly hewn altar of Beogh.
 30490 | Orc:2    | HP: 3/121 [orc warrior/halberd (31)]
 30494 | Orc:2    | Slain by an orc warrior

Vault maps used:
D:1:      kilobyte_arrival_exit_the_forest, minmay_misc_feat_doors
D:2:      lemuel_coloured_pillars_altar, moated_statue
D:3:      lemuel_blue_sif_altar, moated_statue, kb_xom_exploding_sheep
D:4:      first_bread, uniq_grinder
D:5:      grunt_temple_overflow_open, gammafunk_temple_overflow_forgotten,
          minmay_temple_entry_hall, basic_altar
D:6:      kennysheep_kobold_camp, basic_altar, uniq_duvessa
D:7:      cheibrodos_quashed, serial_shops,
          nicolae_shop_competitors_out_of_business, grunt_ogre_cave
D:8:      uniq_pikel, uniq_maurice
D:9:      nicolae_overflow_crystal_walls
D:10:     dpeg_lair_monsters
Temple:   jpeg_temple_alley_garden
Lair:1:   serial_bayou_crossing, lemuel_fruit_fields
Lair:2:   regret_index_combs_of_tragedy, minmay_swamp_entry_reptiles,
          minmay_snake_entry_guardpost_small, beast_lair_carwin_3
Lair:3:   kennysheep_abandoned_house
Lair:4:   gammafunk_lair_enchanted_lake, minmay_another_anthill
Lair:5:   lemuel_slime, slime_altar_1, serial_bayou_shore_a, uniq_rupert,
          uniq_snorg
Lair:6:   minmay_lair_end_frog_pond, basic_altar, infiniplex_staircase_pool_2,
          serial_bayou_shore_b
Orc:1:    portal_ice_cave_entry_ice_beasts
Orc:2:    st_orc_pillars, basic_altar, serial_shops, shop,
          nicolae_orc_bridge_out, mines2_david, uniq_sonja
IceCv:    ice_cave_small_demon

Skill      XL: |  1  2  3  4  5  6  7  8  9 10 11 12 13 14 |
---------------+-------------------------------------------+-----
Maces & Flails | 2 3 4 5 6 8 10 11 12 | 12.0
Fighting       | 2 3 5 8 11 13 14 | 14.8
Armour         | 1 2 3 4 5 7 8 10 12 14 15 | 15.2
Invocations    | 4 |  4.2
Long Blades    | |  1.0
Dodging        | |  1.0
Stealth        | |  3.6
Shields        | |  1.0

Action                   |  1- 3 |  4- 6 |  7- 9 | 10-12 | 13-15 || total
-------------------------+-------+-------+-------+-------+-------++-------
Melee: Club              |    46 |       |       |       |       ||    46
       Whip              |    93 |   245 |   142 |  1362 |  1742 ||  3584
       Kick              |    23 |    74 |       |       |       ||    97
       Morningstar       |       |    47 |   629 |       |    23 ||   699
 Fire: Blowgun           |       |     7 |     4 |     3 |    10 ||    24
Throw: Tomahawk          |       |     3 |    10 |    11 |       ||    24
       Stone             |       |     2 |     2 |       |       ||     4
       Throwing net      |       |       |       |       |     1 ||     1
Invok: Fungal Bloom      |       |       |       |    46 |    57 ||   103
       Evolution         |       |       |       |       |     6 ||     6
Evoke: Wand              |       |       |     3 |     1 |     7 ||    11
  Use: Scroll            |     2 |     4 |     8 |     8 |     5 ||    27
       Potion            |     1 |       |    12 |     1 |     7 ||    21
 Stab: Sleeping          |     7 |     1 |     1 |    14 |     4 ||    27
       Fleeing           |       |     1 |       |       |       ||     1
       Distracted        |       |       |       |     2 |     3 ||     5
       Paralysed         |       |       |       |       |     6 ||     6
       Confused          |       |       |       |       |     2 ||     2
  Eat: Chunk             |     3 |    12 |    18 |    31 |    17 ||    81
       Royal jelly       |       |       |     1 |     1 |     2 ||     4
       Meat ration       |       |       |       |       |     1 ||     1
       Bread ration      |       |       |       |       |     1 ||     1
Armor: Robe              |    11 |       |       |       |       ||    11
       Ring mail         |    39 |    15 |       |       |       ||    54
       Plate armour      |       |   183 |   506 |       |       ||   689
       Chain mail        |       |    14 |   145 |   560 |   691 ||  1410
       Skin              |       |     1 |     9 |       |       ||    10
       Ice dragon scales |       |       |       |       |   198 ||   198
Dodge: Dodged            |    44 |    19 |   126 |   250 |   429 ||   868
Block: Shield            |    46 |   134 |   313 |    19 |       ||   512
       Buckler           |       |       |       |   217 |   357 ||   574

Table legend:
 A = Spawn XP
 B = Non-spawn XP
 C = Spawn XP percentage of total XP
 D = Spawn monster count
 E = Non-spawn monster count
 F = Spawn count percentage of total count
 G = Total turns spent on level
                    A         B        C        D         E        F      G
               +---------+---------+-------+---------+---------+-------+---------
         Total |       0 |   97433 |   0.0 |       0 |     656 |   0.0 | 30494
               +---------+---------+-------+---------+---------+-------+---------
           D:1 |       0 |      44 |   0.0 |       0 |      27 |   0.0 |  1639
           D:2 |       0 |     194 |   0.0 |       0 |      16 |   0.0 |  1196
           D:3 |       0 |     221 |   0.0 |       0 |      29 |   0.0 |  1410
           D:4 |       0 |     328 |   0.0 |       0 |      10 |   0.0 |   839
           D:5 |       0 |     370 |   0.0 |       0 |      17 |   0.0 |  1638
           D:6 |       0 |    1083 |   0.0 |       0 |      41 |   0.0 |  1754
           D:7 |       0 |    1773 |   0.0 |       0 |      33 |   0.0 |  2142
           D:8 |       0 |    3420 |   0.0 |       0 |      29 |   0.0 |  1615
           D:9 |       0 |    7278 |   0.0 |       0 |      51 |   0.0 |  3052
          D:10 |       0 |    5164 |   0.0 |       0 |      43 |   0.0 |  1251
        Lair:1 |       0 |    4463 |   0.0 |       0 |      19 |   0.0 |  1511
        Lair:2 |       0 |   11246 |   0.0 |       0 |      69 |   0.0 |  2795
        Lair:3 |       0 |    5339 |   0.0 |       0 |      30 |   0.0 |  1822
        Lair:4 |       0 |   15071 |   0.0 |       0 |      61 |   0.0 |  2111
        Lair:5 |       0 |   17519 |   0.0 |       0 |      60 |   0.0 |  1890
        Lair:6 |       0 |   15505 |   0.0 |       0 |      57 |   0.0 |  1657
         Orc:1 |       0 |    1478 |   0.0 |       0 |      20 |   0.0 |   399
         Orc:2 |       0 |    3126 |   0.0 |       0 |      19 |   0.0 |   417
         IceCv |       0 |    3811 |   0.0 |       0 |      25 |   0.0 |  1069
               +---------+---------+-------+---------+---------+-------+---------

Table legend:
 A = Turns spent in this place as a percentage of turns spent in the entire game.
 B = Non-inter-level travel turns spent in this place as a percentage of non-inter-level travel turns spent in the entire game.
 C = Inter-level travel turns spent in this place as a percentage of turns spent in this place.
 D = Turns resting spent in this place as a percentage of non-inter-level travel turns spent in this place.
 E = Turns spent auto-exploring this place as a percentage of non-inter-level travel turns spent in this place.
 F = Non-inter-level travel turns spent in this place divided by the number of levels of this place that you've seen.
                   A       B       C       D       E      F
               +-------+-------+-------+-------+-------+----------------------
         Total | 100.0 | 100.0 |   3.8 |  31.0 |  33.9 | 1467.4
       Dungeon |  54.2 |  54.0 |   4.2 |  32.7 |  34.7 | 1583.8
        Temple |   0.9 |   0.8 |  19.2 |   0.0 |  75.4 | 232.0
          Lair |  38.7 |  38.9 |   3.2 |  29.7 |  34.9 | 1900.8
  Orcish Mines |   2.7 |   2.7 |   1.5 |  19.3 |  29.9 | 402.0
      Ice Cave |   3.5 |   3.6 |   0.0 |  37.0 |   4.0 | 1069.0
               +-------+-------+-------+-------+-------+----------------------

Vault maps used:
D:1:      kilobyte_arrival_exit_the_forest, minmay_misc_feat_doors
D:2:      lemuel_coloured_pillars_altar, moated_statue
D:3:      lemuel_blue_sif_altar, moated_statue, kb_xom_exploding_sheep
D:4:      first_bread, uniq_grinder
D:5:      grunt_temple_overflow_open, gammafunk_temple_overflow_forgotten,
          minmay_temple_entry_hall, basic_altar
D:6:      kennysheep_kobold_camp, basic_altar, uniq_duvessa
D:7:      cheibrodos_quashed, serial_shops,
          nicolae_shop_competitors_out_of_business, grunt_ogre_cave
D:8:      uniq_pikel, uniq_maurice
D:9:      nicolae_overflow_crystal_walls
D:10:     dpeg_lair_monsters
Temple:   jpeg_temple_alley_garden
Lair:1:   serial_bayou_crossing, lemuel_fruit_fields
Lair:2:   regret_index_combs_of_tragedy, minmay_swamp_entry_reptiles,
          minmay_snake_entry_guardpost_small, beast_lair_carwin_3
Lair:3:   kennysheep_abandoned_house
Lair:4:   gammafunk_lair_enchanted_lake, minmay_another_anthill
Lair:5:   lemuel_slime, slime_altar_1, serial_bayou_shore_a, uniq_rupert,
          uniq_snorg
Lair:6:   minmay_lair_end_frog_pond, basic_altar, infiniplex_staircase_pool_2,
          serial_bayou_shore_b
Orc:1:    portal_ice_cave_entry_ice_beasts
Orc:2:    st_orc_pillars, basic_altar, serial_shops, shop,
          nicolae_orc_bridge_out, mines2_david, uniq_sonja
IceCv:    ice_cave_small_demon
